Map: Pillars of Gold LE

Players

Erik

  • Race: Zerg Zerg
  • Spawn Location: 7:00

JimRising - Winner!

  • Race: Zerg Zerg
  • League: Master
  • Spawn Location: 1:00

Event: DreamHack SC2 Masters 2020 Winter

VOD

Have the link to the VOD?

Description

Time

  • Played on: Oct. 21, 2020, 4:57 p.m.
  • Length: 8:54

All games in this series

Show
View Real Time Build Order
Export as new Build Order

Erik Zerg 

Build Orders: Hatch First 

Get SALT Encoding   

  12  0:00  Drone  
  13  0:08  Drone  
  13  0:14  Extractor  
  13  0:15  Drone  
  15  0:38  Hatchery  
  15  0:42  Extractor  
  13  0:44  Drone  
  13  0:49  Overlord  
  15  1:05  Spawning Pool  
  15  1:08  Drone  
  15  1:11  Extractor  
  15  1:14  Drone  
  15  1:18  Drone  
  15  1:23  Drone  
  17  1:30  Drone  
  18  1:41  Drone  
  19  1:52  Queen x2  
  23  1:55  Drone  
  23  1:59  Drone  
  25  2:02  Drone  
  26  2:08  Overlord  
  26  2:15  Metabolic Boost  
  26  2:18  Drone  
  26  2:21  Drone  
  28  2:28  Drone x2  
  30  2:35  Drone x2  
  32  2:44  Drone  
  33  2:46  Overlord  
  33  2:53  Baneling Nest  
  32  3:01  Zergling x8  
  32  3:03  Overlord  
  32  3:05  Drone x3  
  39  3:12  Evolution Chamber  
  38  3:14  Overlord  
  38  3:21  Overlord  
  38  3:22  Overlord  
  38  3:26  Overlord  
  38  3:37  Drone x4  
  38  3:40  Zerg Ground Armor Level 1  
  42  3:43  Zergling x2  
  42  3:44  Zergling x2  
  44  3:52  Drone x3  
  45  3:58  Roach Warren  
  45  4:00  Extractor  
  45  4:01  Extractor  
  42  4:10  Hatchery  
  42  4:11  Drone  
  42  4:15  Drone x2  
  42  4:16  Drone  
  45  4:25  Lair  
  45  4:26  Drone x2  
  45  4:28  Drone x2  
  49  4:36  Queen  
  51  4:46  Roach x4  
  59  4:56  Roach  
  59  4:57  Roach x3  
  67  5:02  Overlord  
  67  5:03  Overlord  
  66  5:23  Roach  
  66  5:24  Roach x7  
  66  5:26  Glial Reconstitution  
  83  5:35  Roach  
  83  5:36  Roach x2  
  87  5:44  Roach  
  86  6:10  Queen  
  88  6:18  Overlord x2  
  87  6:26  Overlord x2  
  87  6:27  Overlord  
  87  6:30  Roach  
  89  6:38  Roach  
  89  6:39  Roach x7  
  105  6:41  Overlord  
  105  6:42  Overlord  
  105  6:50  Zerg Missile Weapons Level 1  
  105  6:52  Zergling x16  
  105  6:53  Pneumatized Carapace  
  113  7:02  Extractor, Zergling x6  
  113  7:03  Spire  
  114  7:08  Drone x2  
  112  7:19  Roach  
  112  7:20  Roach x5  
  122  7:27  Roach x2  
  115  7:46  Roach x6  
  93  7:59  Roach x6  
  103  8:07  Roach  
  103  8:08  Roach x2  
  93  8:15  Roach x2  
  93  8:16  Roach  
  81  8:27  Roach x4  
Show
View Real Time Build Order
Export as new Build Order

JimRising Zerg - Winner!

Build Orders: Hatch First, Roach Nydus 

Get SALT Encoding   

  12  0:00  Drone  
  13  0:13  Overlord  
  13  0:17  Drone  
  14  0:31  Drone x2  
  16  0:50  Hatchery  
  16  0:54  Drone  
  16  0:56  Drone  
  17  1:12  Spawning Pool  
  17  1:14  Drone  
  17  1:18  Drone  
  18  1:21  Drone  
  19  1:27  Extractor  
  18  1:33  Drone  
  19  1:41  Overlord  
  19  1:58  Queen  
  19  2:00  Zergling x2  
  22  2:01  Queen  
  22  2:02  Drone  
  22  2:04  Drone  
  26  2:11  Drone  
  26  2:14  Drone  
  28  2:23  Drone  
  28  2:25  Drone  
  30  2:34  Drone, Queen  
  30  2:36  Overlord  
  33  2:45  Drone x2  
  35  2:54  Drone  
  36  2:59  Evolution Chamber  
  36  3:01  Drone  
  36  3:06  Drone x2  
  36  3:07  Drone x2  
  36  3:12  Drone x4  
  43  3:25  Roach Warren  
  42  3:27  Zerg Missile Weapons Level 1  
  42  3:34  Evolution Chamber  
  41  3:35  Lair  
  41  3:37  Extractor  
  41  3:39  Extractor, Overlord  
  41  3:41  Drone x3  
  42  3:56  Drone x2  
  42  3:57  Overlord  
  42  3:59  Drone x3  
  47  4:08  Roach x2  
  51  4:10  Overlord  
  51  4:16  Roach x2  
  55  4:19  Roach x2  
  55  4:22  Extractor  
  58  4:24  Overlord  
  58  4:25  Overlord  
  58  4:33  Glial Reconstitution  
  58  4:36  Drone  
  60  4:38  Drone x2, Nydus Network  
  60  4:41  Drone  
  60  4:43  Roach  
  63  4:49  Roach x3  
  69  4:53  Overlord  
  69  4:57  Roach  
  71  5:01  Roach  
  71  5:03  Roach  
  71  5:05  Roach  
  77  5:08  Overlord  
  77  5:15  Roach x2  
  77  5:18  Roach x2  
  85  5:23  Roach  
  87  5:37  Zerg Missile Weapons Level 2  
  87  5:45  Drone x2  
  89  5:59  Hatchery  
  88  6:11  Roach x7, Overlord x2  
  96  6:12  Overlord  
  100  6:25  Overlord  
  100  6:28  Overlord  
  100  6:36  Overseer  
  100  6:37  Roach x3  
  100  6:38  Roach x3  
  112  6:41  Roach x2  
  112  6:44  Roach  
  112  6:46  Roach  
  120  6:55  Roach x2  
  120  6:56  Roach x2  
  120  7:00  Roach  
  130  7:03  Roach  
  132  7:08  Roach  
  132  7:09  Roach  
  134  7:19  Nydus Canal  
  134  7:22  Roach x3  
  142  7:23  Roach x2  
  144  7:30  Roach  
  144  7:31  Overlord x2  
  142  7:43  Roach x3  
  116  7:57  Roach x6  
  116  7:58  Roach  
  124  8:03  Roach x2  
  114  8:13  Roach x4  
  114  8:15  Roach  
  118  8:21  Nydus Canal  
  118  8:26  Roach x2  
  118  8:33  Roach x3  
  118  8:34  Roach  
  116  8:45  Nydus Canal  
Tags
 
Add a new tag
Caveats
  • Supply blocks, unpowered buildings, or Contaminate may cause inaccurate times.
  • Supply counts are checked every 10 seconds.